 Dungeon Crawl Stone Soup version 0.31.0-11-ge490571c62 (webtiles) character file.

Game seed: 11700063936106895897

1 Bravepunisher the Ducker (level 1, -2/11 HPs)
             Began as a Spriggan Monk on Jan 27, 2024.
             Was a Believer of Makhleb.
             Slain by a kobold
             ... wielding a +0 short sword
              (3 damage)
             ... on level 4 of the Dungeon.
             The game lasted 00:01:13 (155 turns).

Bravepunisher the Ducker (Spriggan Monk)             Turns: 155, Time: 00:01:14

Health: -2/11      AC:  2    Str:  7    XL:     1   Next: 16%
Magic:  2/2        EV: 18    Int: 11    God:    Makhleb [**....]
Gold:   0          SH:  0    Dex: 17    Spells: 0/0 levels left

rFire   . . .        a - +0 short sword
rCold   . . .        (no shield)
rNeg    . . .        b - +0 robe
rPois   .            (helmet restricted)
rElec   .            (no cloak)
rCorr   .            (gloves unavailable)
SInv    +            (boots unavailable)
Will    .....        (no amulet)
Stlth   ++           (no ring)
HPRegen 0.21/turn    (no ring)
MPRegen 0.08/turn

%: no passive effects
@: lethally poisoned (-2 -> -6), very quick
A: very small, no large weapons, unfitting armour, see invisible, speed 3
a: Renounce Religion, Minor Destruction


You were on level 4 of the Dungeon.
You worshipped Makhleb.
Makhleb was pleased with you.
You visited 2 branches of the dungeon, and saw 5 of its levels.

Inventory:

Hand Weapons
 a - a +0 short sword (weapon)
Armour
 b - a +0 robe (worn)
Potions
 c - a potion of ambrosia


   Skills:
 + Level 2.4 Fighting
 - Level 3.2 Short Blades
 + Level 4.0 Dodging
 * Level 0.0 Invocations


You couldn't memorise any spells.
You didn't know any spells.
Your spell library was empty.

Dungeon Overview and Level Annotations

Branches:
Dungeon (4/15)             Temple (1/1) D:4

Altars:
Cheibriados
Elyvilon
Gozag
Hepliaklqana
Kikubaaqudgha
Makhleb
Okawaru
Qazlal
Ru
Sif Muna
Trog
Vehumet
Xom
Yredelemnul
Zin


Innate Abilities, Weirdness & Mutations

You are very small and have problems with some larger weapons.
You are too small for most types of armour.
You have supernaturally acute eyesight. (SInv)
You cover ground extremely quickly. (Speed+++)


Message History

Found a sling.
The endoplasm attacks as it pursues you!
The endoplasm barely misses you.
There is a stone staircase leading down here.
The quokka completely misses you. The endoplasm barely misses you.
You climb downwards.
The kobold shouts!
Found a chain mail, 12 gold pieces, 8 stones and a metallic white potion.
There is a stone staircase leading up here.
Unknown command.
Found 11 gold pieces.
The quokka barely misses you.
A gnoll comes into view.
It is wielding a +0 flail. 2 gnolls come into view.
The gnoll shouts! x2; You hear an angry hiss.
A gnoll comes into view. It is wielding a +0 whip.
An adder comes into view.
Found a book of Armaments.
Found a staircase to the Ecumenical Temple.
A hobgoblin comes into view.
Found a smoky coppery potion.
There is a staircase to the Ecumenical Temple here.
You climb downwards.
Welcome to the Ecumenical Temple!
Found eight altars.
Found a staircase back to the Dungeon.
There is a staircase back to the Dungeon here.
There is a burning altar of Makhleb here.
You kneel at the altar of Makhleb.
Makhleb welcomes you!
You can now gain health from killing.
You can now harness Makhleb's destructive might.
There is a staircase back to the Dungeon here.
You climb upwards.
Welcome back to the Dungeon!
The adder barely misses you.
The kobold hits you with a +0 short sword.
The hobgoblin hits you. The quokka bites you.
* * * LOW HITPOINT WARNING * * *
The adder bites you.
* * * LOW HITPOINT WARNING * * *
You are lethally poisoned!
The adder poisons you!
The kobold hits you with a +0 short sword.
You die...

..... ... ... ... #.#
.###. .## ##.## ##....
#
....##g..##......#.###
.......@K.!.......... .
....##r.S##.....##.##.
. #..##.##..##.##.....#
#..#.#..##g...!.# .##
#...g.##.r.....#.(..
.#...J.#..r.$...#....
.......................
.:#.................[..
..
#...####J.#...<......


You could see a gnoll, an adder, an endoplasm, a quokka, a hobgoblin and a
kobold.

Vanquished Creatures
  An endoplasm (D:2)
1 creature vanquished.

Notes
Turn   | Place    | Note
-------+----------+-------------------------------------------
     0 | D:1      | Bravepunisher the Spriggan Monk began the quest for the
                  | Orb.
     0 | D:1      | Reached XP level 1. HP: 11/11 MP: 2/2
   118 | D:3      | Found an opulent altar of Gozag.
   136 | D:4      | Found a staircase to the Ecumenical Temple.
   142 | Temple   | Entered the Ecumenical Temple
   148 | Temple   | Became a worshipper of Makhleb the Destroyer
   148 | Temple   | Reached * piety under Makhleb
   148 | Temple   | Reached ** piety under Makhleb
   155 | D:4      | Slain by a kobold

Illustrated notes

Levels and vault maps discovered:
D:1:      dpeg_arrival_arbitrary_b, layout_basic, serial_shops,
          nicolae_shop_temple_entry_statues_fountains
D:2:      layout_basic, lightli_corner_chamber
D:3:      layout_rooms, nicolae_gozag_seed_capital, serial_shops, shop,
          kennysheep_jessica_study
D:4:      minmay_chambers_of_fours, layout_rooms,
          nicolae_overflow_hidden_temple, minmay_temple_entry_waves,
          uniq_duvessa, uniq_natasha
Temple:   eino_narrow_crystal_temple

Action                     || total
---------------------------++-------
  Melee: Short sword       ||    11
 Armour: Robe              ||    15
  Dodge: Dodged            ||    14
